 Dungeon Crawl Stone Soup version 0.27.1-3-gb3d3a73c9e (webtiles) character file.

Game seed: 18282331644159854789

44 Descartes the Grasshopper (level 3, -2/18 HPs)
             Began as a Spriggan Warper on Oct 16, 2021.
             Slain by an adder (3 damage)
             ... on level 2 of the Dungeon.
             The game lasted 00:02:58 (2198 turns).

Descartes the Grasshopper (Spriggan Warper)         Turns: 2198, Time: 00:02:58

Health: -2/18      AC:  2    Str:  8    XL:     3   Next: 39%
Magic:  8/8        EV: 18    Int: 14    God:
Gold:   38         SH:  0    Dex: 14    Spells: 8/8 levels left

rFire    . . .     SeeInvis +   a - +0 short sword
rCold    . . .     Faith    .   (shield restricted)
rNeg     . . .     Spirit   .   b - +0 robe
rPois    .         Reflect  .   (helmet restricted)
rElec    .         Harm     .   (no cloak)
rCorr    .         Rampage  .   (gloves unavailable)
Will     .....                  (boots unavailable)
Stlth    ++........             (no amulet)
HPRegen  0.06/turn              (no ring)
MPRegen  0.11/turn              (no ring)

@: very quick
A: very small, no large weapons, unfitting armour, see invisible, speed 3
a: no special abilities


You were on level 2 of the Dungeon.
You visited 1 branch of the dungeon, and saw 2 of its levels.

You collected 38 gold pieces.

Inventory:

Hand Weapons
 a - a +0 short sword (weapon)
Missiles
 d - 5 boomerangs of dispersal (quivered)
 e - 12 poisoned darts
 f - 23 stones
Armour
 b - a +0 robe (worn)
Scrolls
 c - a scroll of blinking
 g - a scroll of immolation {unknown}
 h - a scroll of teleportation {unknown}
Potions
 i - a potion of curing {unknown}


   Skills:
 - Level 2.0 Fighting
 + Level 2.6 Short Blades
 - Level 1.0 Throwing
 + Level 3.7 Dodging
 + Level 1.8 Stealth
 - Level 3.0 Spellcasting
 + Level 4.8 Translocations


You had 8 spell levels left.
You didn't know any spells.
Your spell library contained the following spells:

 Spells                   Type           Power      Damage    Failure   Level
 Blink                    Tloc           N/A        N/A       4%          2
 Gell's Gravitas          Tloc           7%         N/A       9%          3
 Lesser Beckoning         Tloc           7%         N/A       9%          3
 Teleport Other           Tloc           15%        N/A       9%          3
 Manifold Assault         Tloc           15%        N/A       63%         5


Dungeon Overview and Level Annotations

Branches:
Dungeon (2/15)

Altars:


Innate Abilities, Weirdness & Mutations

You are very small and have problems with some larger weapons.
You are too small for most types of armour.
You have supernaturally acute eyesight. (SInv)
You cover ground extremely quickly. (Speed+++)


Message History

The frilled lizard unfolds its giant frill.
The bat hits you but does no damage. The bat completely misses you.
The bat hits you but does no damage. The bat hits you but does no damage.
You miss the bat. The bat hits you.
* * * LOW HITPOINT WARNING * * *
You closely miss the bat. The bat barely misses you.
You closely miss the bat. The bat barely misses you.
The bat completely misses you.
You hit the bat.
You kill the bat!
Training target 2.0 for Fighting reached!
Your Fighting skill increases to level 2!
A kobold is nearby!
A jackal comes into view.
A rat and a kobold come into view.
A bat comes into view.
The bat moves out of view.
An adder comes into view.
An endoplasm comes into view.
The adder hisses angrily.
The endoplasm quivers.
A goblin comes into view. It is wielding a +0 club.
The kobold shouts!
The frilled lizard hisses angrily.
The frilled lizard closely misses you.
You barely miss the frilled lizard. The frilled lizard closely misses you.
You closely miss the frilled lizard. The frilled lizard closely misses you.
You hit the frilled lizard.
You kill the frilled lizard!
You hit the kobold.
You kill the kobold!
You closely miss the adder. The adder closely misses you.
You hit the adder but do no damage. The adder bites you.
* * * LOW HITPOINT WARNING * * *
The adder bites you.
* * * LOW HITPOINT WARNING * * *
You closely miss the adder. The adder bites you.
You die...

#............####
#................
#..[.......S..### ###
#.............### ..#
#........>......# #.#
###########.#.#.#
####.# #.#...#
#....###########
#S#####
#.##........@S.#
#....#
#.##.#########.######
#.##.# .####.l..#
#...........# #.##.#
....†g####
#.####.####.# #....#
.##.#.# ####.# #.#
#.####K### #(†#..#
#....# #.# #K##...#
.##)#.# #.#######.#
#.##.### #g#.#
#.##......# #.S..# (
..# #....######
######


You could see an adder.

Vanquished Creatures
  An adder (D:2)
  A dart slug (D:1)
  3 bats
  2 endoplasms
  A giant cockroach (D:1)
  2 goblins (D:1)
  2 hobgoblins (D:1)
  4 kobolds
  A quokka (D:1)
  4 ball pythons (D:1)
  5 frilled lizards
  7 rats (D:1)
33 creatures vanquished.

Vanquished Creatures (others)
  5 fungi (D:1)
  6 plants (D:1)
11 creatures vanquished.

Grand Total: 44 creatures vanquished

Notes
Turn   | Place    | Note
-------+----------+-------------------------------------------
     0 | D:1      | Descartes the Spriggan Warper began the quest for the Orb.
     0 | D:1      | Reached XP level 1. HP: 10/10 MP: 5/5
   297 | D:1      | Reached XP level 2. HP: 14/15 MP: 6/6
   711 | D:1      | Reached skill level 1 in Stealth
  1433 | D:1      | Found a faded altar of an unknown god.
  1590 | D:1      | Reached XP level 3. HP: 13/18 MP: 8/8
  2198 | D:2      | Slain by an adder

Illustrated notes

Levels and vault maps discovered:
D:1:      minmay_arrival_stair_chambers, layout_basic,
          shapermc_ecumenical_altar_mp_urbaneastern
D:2:      layout_basic, minmay_small_reverse_x

Skill      XL: |  1  2  3 |
---------------+----------+-----
Stealth        | 1 |  1.8
Spellcasting   | 3 |  3.0
Fighting       | 2 |  2.0
Short Blades   | |  2.6
Throwing       | |  1.0
Dodging        | |  3.7
Translocations | |  4.8

Action                   || total
-------------------------++-------
Melee: Short sword       ||   187
 Stab: Sleeping          ||     1
Armor: Robe              ||    21
Dodge: Dodged            ||   163
